 Dungeon Crawl Stone Soup version 0.26.1-10-gdfb7c7de75 (webtiles) character file.

Game seed: 4700182076573347586

255236 Tinylith the Bludgeoner (level 19, -2/223 HPs)
             Began as a Demonspawn Berserker on Apr 11, 2021.
             Was the Champion of Trog.
             Slain by a +4 war axe of holy wrath (3 damage)
             ... on level 1 of the Elven Halls on Apr 12, 2021.
             The game lasted 02:04:12 (48249 turns).

Tinylith the Bludgeoner (Demonspawn Berserker)     Turns: 48249, Time: 02:04:12

Health: -2/223     AC: 37    Str: 20      XL:     19   Next: 4%
Magic:  0/19       EV: 14    Int:  4 (11) God:    Trog [******]
Gold:   2173       SH: 22    Dex: 23      Spells: 18/18 levels left

rFire    + + .     SeeInvis +   a - +9 eveningstar (flame)
rCold    + + +     Faith    .   t - +2 shield of Resistance {rF++ rC++ Will++}
rNeg     + + .     Spirit   +   g - +10 plate armour of Oblivion {*Drain rC+ Will+ Dex+2}
rPois    .         Reflect  +   (helmet unavailable)
rElec    +         Harm     .   U - +2 cloak {Stlth+}
rCorr    +         Rampage  +   c - +3 pair of gauntlets of War {Slay+5}
Will     ++++.     Clarity  +   T - +0 pair of boots "Lanoux Gaerph" {Rampage *Corrode rElec Dex+5}
Stlth    ..........             A - amulet of reflection
HPRegen  0.47/turn              w - ring of resist corrosion
MPRegen  0.32/turn              v - ring of positive energy

@: berserking (expiring), lethally poisoned (-2 -> -2), very quick
A: antennae 3, clarity, negative energy resistance 1, powered by pain 1, magic
shield, magic regeneration, magic link, sharp scales 3
}: 2/15 runes: decaying, gossamer
a: Renounce Religion, Berserk, Trog's Hand, Brothers in Arms


You were on level 1 of the Elven Halls.
You worshipped Trog.
Trog was exalted by your worship.
You visited 7 branches of the dungeon, and saw 33 of its levels.
You also visited: Bailey, Ice Cave and Volcano.

You collected 4203 gold pieces.
You spent 2030 gold pieces at shops.

Inventory:

Hand Weapons
 a - a +9 eveningstar of flaming (weapon)
 b - a +4 vorpal hand crossbow
 X - a +5 demon blade of flaming
Missiles
 h - 165 bolts
 u - 3 throwing nets (quivered) {!f}
Armour
 c - the +3 pair of gauntlets of War (worn) {Slay+5}
   (You bought it in a shop on level 2 of the Orcish Mines)

   It affects your accuracy and damage with ranged weapons and melee attacks
   (+5).
 g - the +10 plate armour of Oblivion (worn) {*Drain rC+ Will+ Dex+2}
   (You bought it in a shop on level 2 of the Orcish Mines)

   It affects your dexterity (+2).
   It protects you from cold.
   It affects your willpower, your defense against some magical effects.
   It causes draining when unequipped.
 k - a +0 pair of boots
 t - the +2 shield of Resistance (worn) {rF++ rC++ Will++}
   (You found it on level 9 of the Dungeon)

   It greatly protects you from fire.
   It greatly protects you from cold.
   It affects your willpower, your defense against some magical effects.
 T - the +0 pair of boots "Lanoux Gaerph" (worn) {Rampage *Corrode rElec Dex+5}
   (You acquired it on level 2 of the Swamp)

   It affects your dexterity (+5).
   It insulates you from electricity.
   It may corrode you when you take damage.
   It bestows one free step when moving towards enemies.
 U - a +2 cloak of stealth (worn)
Jewellery
 v - a ring of positive energy (right hand)
 w - a ring of resist corrosion (left hand)
 A - an amulet of reflection (around neck)
 P - an uncursed ring of poison resistance
 S - an uncursed amulet of regeneration
 V - an uncursed ring of positive energy
 W - an uncursed ring of protection from fire
Wands
 m - a wand of disintegration (53)
 x - a wand of paralysis (15)
 H - a wand of digging (8)
 I - a wand of acid (25)
 J - a wand of polymorph (18)
 K - a wand of enslavement (12)
 Q - a wand of iceblast (19)
 R - a wand of flame (16)
Scrolls
 e - a scroll of brand weapon
 i - a scroll of summoning
 j - 4 scrolls of magic mapping
 l - a scroll of fog
 p - 6 scrolls of enchant armour
 q - 14 scrolls of teleportation
 r - a scroll of fear
 y - 5 scrolls of blinking
 B - 15 scrolls of remove curse
 F - 3 scrolls of identify
 O - a scroll of silence
Potions
 d - 2 potions of resistance
 n - a potion of mutation
 o - 12 potions of curing
 s - 2 potions of cancellation
 z - 3 potions of magic
 C - 5 potions of heal wounds
 D - 5 potions of might
 E - a potion of invisibility
 G - 5 potions of haste
 L - 2 potions of attraction
 M - 3 potions of flight
 N - 4 potions of ambrosia
Miscellaneous
 f - a lightning rod (4/4)


   Skills:
 + Level 13.0 Fighting
 * Level 16.1 Maces & Flails
 + Level 11.2 Crossbows
 + Level 11.8 Armour
 + Level 11.9 Dodging
 * Level 14.4 Shields
 + Level 8.5 Evocations


You had 18 spell levels left.
You didn't know any spells.
Your spell library was empty.

Dungeon Overview and Level Annotations

Branches:
Dungeon (15/15)            Temple (1/1) D:7            Lair (6/6) D:10
  Swamp (4/4) Lair:4       Spider (4/4) Lair:2        Slime (0/5) Lair:5
    Orc (2/2) D:11            Elf (1/3) Orc:2        Vaults (0/5) D:14
 Depths (0/5) D:15         Bailey (visited)           IceCv (visited)
Volcano (visited)

Altars:
Ashenzari
Cheibriados
Dithmenos
Elyvilon
Fedhas
Gozag
Hepliaklqana
Kikubaaqudgha
Makhleb
Nemelex Xobeh
Okawaru
Qazlal
Ru
Sif Muna
Trog
Uskayaw
Vehumet
Wu Jian
Xom
Yredelemnul
Zin
The Shining One
Beogh
Jiyva

Shops:
D:5 =   D:8 *   D:9 (   Orc:2 [[[[[

Portals:
Abyss: Lair:4
Trove: Elf:1 (give +6 demon blade)

Annotations:
Elf:1 6 runed translucent doors


Innate Abilities, Weirdness & Mutations

You have a pair of large antennae on your head. (SInv)
You resist negative energy. (rN+)
You sometimes gain a little power by taking damage.
When hurt, damage is shared between your health and your magic reserves.
You regenerate magic rapidly.
When low on magic, you restore magic in place of health.
You are completely covered in razor-sharp scales. (AC +3, Slay +3)
You possess an exceptional clarity of mind.


Message History

The tarantella barely misses you.
The large abomination is engulfed in blazing flames.
The hell rat bites you but does no damage.
You block the +4 war axe of holy wrath's attack.
You impale the demonic crawler!! You burn the demonic crawler.
The demonic crawler is heavily wounded.
The sixfirhy hits you but does no damage.
You block the demonic crawler's attack. The demonic crawler closely misses you.
You block the demonic crawler's attack.
The sixfirhy hits you but does no damage.
You block the tarantella's attack.
The ynoxinul gestures.
Unknown command.
You bludgeon the sixfirhy!! You burn the sixfirhy.
You kill the sixfirhy!
You feel sick. The large abomination hits you!
* * * LOW HITPOINT WARNING * * *
The hell rat misses you.
You block the demonic crawler's attack. x3
The +4 war axe of holy wrath hits you!
You die...

#### ###########
....##E+88#88#88###
####....#D+.....§..'.####
...(....#D+......e))...(#
.##....)###)/#.Y#eY###..##
.##.....#8....$sEsY'.....#
.##.....#8)..55)@X°'....)#
........###.(#.r#(.#.....#
.#......# +...e3{..'..)..#
#.#....(#D+..5..{..'..)..#
.#.#...##.+88#88#88###p.##
###.#{## ############...#
.###{#†###..............#
## ##.#.##..........#...##
# ##.#.##>.......#.....#


You could see an iron dragon, 2 ice dragons, a demonic crawler (summoned), a
large abomination, an earth elemental, 3 deep elf magi, an air elemental, a
ynoxinul (summoned), a tarantella (summoned), 3 ice beasts, a hell rat
(summoned), a +4 war axe of holy wrath, 3 ufetubi and a neutral human
(wandering).

Vanquished Creatures
  Nikola (Spider:4)
  Jorgrun (D:15)
  Rupert (Lair:6)
  A tentacled monstrosity (Swamp:1)
  The ghost of Iberphipp the Severer, an adept DgFi (Spider:1)
  Kirke (Elf:1)
  Roxanne (Spider:2)
  A fenstrider witch (Swamp:3)
  3 thorn hunters (Swamp:4)
  2 ghost moths (Spider:4)
  An orc warlord (Orc:2)
  Louise (Spider:4)
  7 emperor scorpions
  An ironheart preserver (D:14)
  2 hydra skeletons (Swamp:4)
  2 vampire knights (Swamp:4)
  A stone giant (Orc:2)
  Nessos (D:13)
  2 deep elf demonologists (Elf:1)
  3 entropy weavers
  The ghost of Hosyrr the Blocker, a journeyman GnFi of Ashenzari (Lair:4)
  A spark wasp (Spider:3)
  6 bunyips
  6 eleionomae
  An ettin (shapeshifter) (Lair:4)
  3 fire dragons
  3 shambling mangroves (Swamp:4)
  9 boulder beetles
  A deep elf high priest (Elf:1)
  Harold (D:8)
  4 ice dragons
  4 ghost crabs
  Erica (D:10)
  6 centaur warriors
  15 hydras
  3 two-headed ogres
  5 alligators
  11 death yaks
  5 dancing weapons
  2 tengu warriors
  4 orc high priests
  3 deep elf knights (Elf:1)
  Nergalle (D:11)
  Sonja (Lair:5)
  A sixfirhy (Lair:4)
  5 skeletal warriors (D:15)
  2 goliath frogs
  7 spriggan druids
  4 unseen horrors
  2 flayed ghosts (Swamp:4)
  2 wizards (D:15)
  A lindwurm (Lair:3)
  3 deep elf archers (Elf:1)
  3 bog bodies
  2 spectral hydras (Swamp:4)
  9 swamp dragons
  A phantasmal warrior (Swamp:4)
  7 orc knights
  A necromancer (D:15)
  6 ugly things
  A wolf spider zombie (D:13)
  8 orc sorcerers
  31 wolf spiders
  3 will-o-the-wisps
  A manticore (D:14)
  17 orb spiders
  8 oklob plants
  15 deep elf magi
  7 elephants
  2 moths of wrath (Spider:4)
  5 cyclopes
  A black mamba (shapeshifter) (D:14)
  3 cane toads
  2 black mambas
  2 ice statues (IceCv)
  Maggie (D:8)
  4 gargoyles
  A torpor snail (Spider:4)
  3 orange demons (D:10)
  An efreet (D:14)
  2 freezing wraiths
  14 komodo dragons
  7 rime drakes
  A yaktaur (shapeshifter) (D:15)
  14 demonic crawlers
  A tengu conjurer (D:13)
  2 red devils (D:10)
  A small abomination (Elf:1)
  A hydra zombie (Swamp:4)
  2 death drake zombies (Swamp:4)
  13 polar bears
  7 trolls
  40 jumping spiders
  A harpy zombie (D:13)
  23 hornets
  9 slime creatures
  3 tyrant leeches (Swamp:4)
  7 blink frogs
  A dream sheep (Lair:6)
  3 death drake skeletons (Swamp:4)
  4 raiju (Lair:6)
  3 shadows
  2 centaur simulacra (D:13)
  10 spriggans
  An air elemental (Elf:1)
  47 yaks
  2 water elementals
  26 tarantellas
  A vampire (D:15)
  68 redbacks
  A fire bat (shapeshifter) (D:15)
  7 wyverns
  A ynoxinul (Lair:4)
  4 wraiths
  4 basilisks
  2 hogs (Elf:1)
  A fire elemental (Elf:1)
  A neqoxec (Lair:4)
  4 vampire mosquitoes
  A large abomination (Lair:4)
  2 steam dragons (Lair:6)
  Menkaure (D:7)
  8 wargs
  18 swamp worms
  A harpy simulacrum (D:15)
  A soldier ant (D:14)
  2 acid dragons
  4 hydra simulacra (Swamp:4)
  11 hell hounds (Lair:6)
  8 swamp drakes
  11 water moccasins
  51 orc warriors
  6 sky beasts
  16 black bears
  3 phantoms
  A hornet zombie (D:6)
  18 ice beasts
  An eye of draining (D:11)
  22 centaurs
  10 ogres
  13 wolves (Lair:6)
  2 big kobolds
  Blork the orc (D:7)
  21 bullfrogs
  A gnoll sergeant (D:6)
  5 scorpions
  9 killer bees
  2 vampire bats (D:6)
  20 wights
  5 electric eels
  3 jellies
  4 howler monkeys
  A quasit (D:8)
  2 bullfrog zombies
  7 centaur zombies
  4 hounds
  5 bullfrog skeletons
  36 orc wizards
  5 centaur skeletons
  37 orc priests
  A gnoll shaman (D:7)
  Terence (D:3)
  7 iguanas
  13 worker ants
  Natasha (thrice) (D:3)
  4 hound skeletons
  A howler monkey zombie (D:10)
  2 worker ant zombies
  8 gnolls (D:6)
  11 adders
  2 white imps
  An ufetubus (D:5)
  9 oozes
  An adder skeleton (D:10)
  5 worms
  A dart slug (D:1)
  8 leopard geckos
  138 orcs
  3 ball pythons
  3 bat skeletons (D:6)
  2 bat zombies (D:6)
  5 giant cockroaches
  5 goblins
  13 hobgoblins
  4 jackals
  3 quokkas
  6 bats
  6 frilled lizards
  A jackal zombie (D:5)
  30 kobolds
  A quokka skeleton (D:4)
  A quokka zombie (D:5)
  5 rats
1327 creatures vanquished.

Vanquished Creatures (others)
  An unseen horror (D:13)
  An orb spider (Spider:4)
  A deep elf mage (Elf:1)
  A jumping spider (Spider:1)
  A bloated husk (Swamp:1)
  A redback (Spider:1)
  3 orc wizards (Elf:1)
  3 orcs (Elf:1)
  26 foxfires
  25 fungi
  100 plants
  9 toadstools (D:4)
172 creatures vanquished.

Grand Total: 1499 creatures vanquished

Notes
Turn   | Place    | Note
-------+----------+-------------------------------------------
     0 | D:1      | Tinylith the Demonspawn Berserker began the quest for the
                  | Orb.
     0 | D:1      | Reached XP level 1. HP: 18/18 MP: 1/1
   178 | D:1      | Gained mutation: You have a pair of small antennae on your
                  | head. [demonic ancestry]
   178 | D:1      | Reached XP level 2. HP: 20/24 MP: 2/2
   179 | D:1      | Reached skill level 3 in Maces & Flails
   543 | D:1      | Reached ** piety under Trog
   790 | D:2      | Gained mutation: When hurt, damage is shared between your
                  | health and your magic reserves. [demonic ancestry]
   790 | D:2      | Reached XP level 3. HP: 25/29 MP: 3/3
  1333 | D:2      | Found a hide-covered altar of Uskayaw.
  1333 | D:2      | Noticed a +0 dagger
  1333 | D:2      | Noticed a +0 hand axe
  1367 | D:2      | Reached XP level 4. HP: 20/35 MP: 2/4
  1783 | D:2      | Found a burning altar of Makhleb.
  1783 | D:2      | Noticed a green death
  2124 | D:3      | Noticed Terence
  2132 | D:3      | Killed Terence
  2133 | D:3      | Reached skill level 4 in Maces & Flails
  2133 | D:3      | Reached XP level 5. HP: 42/42 MP: 3/5
  2311 | D:3      | Noticed Natasha
  2335 | D:3      | Killed Natasha
  2452 | D:3      | Noticed Natasha
  2459 | D:3      | Killed Natasha
  2460 | D:3      | Gained mutation: You are partially covered in razor-sharp
                  | scales. (AC +1, Slay +1) [demonic ancestry]
  2460 | D:3      | Reached XP level 6. HP: 30/48 MP: 4/6
  2727 | D:3      | Noticed Natasha
  2731 | D:3      | Killed Natasha
  2810 | D:3      | Reached *** piety under Trog
  2865 | D:3      | Found a blossoming altar of Fedhas.
  3258 | D:4      | Reached skill level 5 in Maces & Flails
  3332 | D:4      | Gained mutation: You regenerate magic rapidly. [demonic
                  | ancestry]
  3332 | D:4      | Reached XP level 7. HP: 55/55 MP: 7/7
  3986 | D:4      | Reached skill level 5 in Fighting
  4070 | D:4      | Reached skill level 6 in Maces & Flails
  4081 | D:4      | Reached XP level 8. HP: 43/62 MP: 8/8
  4223 | D:4      | Reached **** piety under Trog
  4224 | D:4      | Reached skill level 1 in Shields
  4558 | D:5      | Entered Level 5 of the Dungeon
  4558 | D:5      | Found a white marble altar of Elyvilon.
  4558 | D:5      | Found a stormy altar of Qazlal.
  4558 | D:5      | Found a sparkling altar of Nemelex Xobeh.
  4590 | D:5      | Found a shadowy altar of Dithmenos.
  4687 | D:5      | Found a transporter.
  4913 | D:5      | Found a glowing silver altar of Zin.
  4929 | D:5      | Reached skill level 1 in Crossbows
  4960 | D:5      | Found a broken altar of Ashenzari.
  5027 | D:5      | Found Leivviamm's Jewellery Emporium.
  5552 | D:5      | Found a transporter.
  5755 | D:6      | Identified the +0 robe of the Mind {Will++ Dex+4}
  5830 | D:6      | Identified the cursed +0 hand axe of Fate {freeze, Dex+5}
  6068 | D:6      | Gained mutation: You are mostly covered in razor-sharp
                  | scales. (AC +2, Slay +2) [demonic ancestry]
  6068 | D:6      | Reached XP level 9. HP: 54/69 MP: 7/9
  6147 | D:6      | Reached skill level 7 in Maces & Flails
  6667 | D:6      | Identified the +2 chain mail of Cowardice {*Corrode Dex+5
                  | Slay+2}
  6677 | D:6      | Reached skill level 5 in Dodging
  6706 | D:6      | Reached skill level 5 in Armour
  6811 | D:6      | Reached ***** piety under Trog
  6894 | D:6      | You fall into a shaft and drop 2 floors!
  6940 | D:8      | HP: 2/69 [killer bee (2)]
  7691 | D:6      | Reached XP level 10. HP: 77/77 MP: 10/10
  7699 | D:6      | Found an ancient bone altar of Kikubaaqudgha.
  7712 | D:6      | Reached skill level 5 in Shields
  7719 | D:6      | Reached skill level 8 in Maces & Flails
  7941 | D:7      | Noticed Menkaure
  7954 | D:7      | Killed Menkaure
  7954 | D:7      | Received a gift from Trog
  8098 | D:7      | Found a staircase to the Ecumenical Temple.
  8145 | Temple   | Entered the Ecumenical Temple
  8350 | D:7      | Found a shimmering blue altar of Sif Muna.
  8471 | D:7      | Noticed Blork the orc
  8480 | D:7      | Killed Blork the orc
  8948 | D:8      | Noticed Maggie
  8951 | D:8      | Noticed Harold
  8960 | D:8      | Killed Maggie
  8973 | D:8      | Killed Harold
  8977 | D:8      | Found Pinut's General Store.
  9012 | D:8      | Bought a potion of haste for 150 gold pieces
  9012 | D:8      | Bought 2 potions of curing for 90 gold pieces
  9084 | D:8      | Found a blossoming altar of Fedhas.
  9709 | D:9      | Found a runed translucent door.
  9710 | D:9      | Noticed a fire dragon
  9711 | D:9      | Noticed an ice dragon
  9712 | D:9      | Noticed a fire dragon
  9713 | D:9      | Noticed an ice dragon
  9714 | D:9      | Found the +2 shield of Resistance {rF++ rC++ Will++}
  9722 | D:9      | Found a bloodstained altar of Trog.
  9735 | D:9      | Found Gaboinam's Weapon Emporium.
  9814 | D:9      | Killed an unseen horror
  9815 | D:9      | Reached skill level 9 in Maces & Flails
 10023 | D:9      | Found a runed translucent door.
 10076 | D:9      | Noticed a two-headed ogre
 10085 | D:9      | Killed a two-headed ogre
 10086 | D:9      | Gained mutation: You sometimes gain a little power by
                  | taking damage. [demonic ancestry]
 10086 | D:9      | Reached XP level 11. HP: 84/84 MP: 9/11
 10276 | D:9      | Found an ornate altar of the Wu Jian Council.
 10692 | D:10     | Entered Level 10 of the Dungeon
 10737 | D:10     | Noticed Erica
 10747 | D:10     | Killed Erica
 10748 | D:10     | Reached skill level 5 in Crossbows
 10798 | D:10     | Found a flagged portal.
 10804 | D:10     | Killed an unseen horror
 10812 | Bailey   | Entered a bailey
 11478 | Bailey   | Received a gift from Trog
 12051 | D:10     | Reached skill level 10 in Maces & Flails
 12327 | D:10     | Killed an unseen horror
 12505 | D:10     | Found a staircase to the Lair.
 12633 | D:10     | Noticed a boulder beetle
 12655 | D:10     | Killed a boulder beetle
 12955 | Lair:1   | Entered Level 1 of the Lair of Beasts
 13002 | Lair:1   | Gained mutation: When low on magic, you restore magic in
                  | place of health. [demonic ancestry]
 13002 | Lair:1   | Reached XP level 12. HP: 93/93 MP: 12/12
 14504 | Lair:2   | Found a hole to the Spider Nest.
 14597 | Lair:2   | You fall into a shaft and drop 2 floors!
 14597 | Lair:4   | Noticed a death yak
 14597 | Lair:4   | Noticed a death yak
 14597 | Lair:4   | Noticed a death yak
 14610 | Lair:4   | Noticed a death yak
 14611 | Lair:4   | Killed a death yak
 14613 | Lair:4   | Noticed a six-headed hydra
 14617 | Lair:4   | Killed a death yak
 14621 | Lair:4   | Killed a death yak
 14622 | Lair:4   | Reached skill level 11 in Maces & Flails
 14646 | Lair:4   | Found a staircase to the Swamp.
 14681 | Lair:3   | Received a gift from Trog
 15403 | Lair:2   | Found a burning altar of Makhleb.
 16830 | Lair:4   | Noticed a four-headed hydra
 16840 | Lair:4   | Killed a four-headed hydra
 16854 | Lair:4   | Killed a six-headed hydra
 16855 | Lair:4   | Reached XP level 13. HP: 101/101 MP: 13/13
 17327 | Lair:4   | Found a transporter.
 17329 | Lair:4   | Found a one-way gate to the infinite horrors of the Abyss.
 17329 | Lair:4   | Noticed Hosyrr's ghost (journeyman GnFi)
 17389 | Lair:4   | Found a transporter.
 17688 | Lair:4   | Noticed a spark wasp
 17720 | Lair:4   | Noticed an entropy weaver
 17811 | Lair:5   | Found a viscous altar of Jiyva.
 18759 | Lair:5   | Noticed Sonja
 18787 | Lair:5   | Killed Sonja
 19255 | Lair:5   | Found a staircase to the Slime Pits.
 19501 | Lair:6   | Entered Level 6 of the Lair of Beasts
 19563 | Lair:6   | Found a frozen archway.
 19611 | IceCv    | Entered an ice cave
 19616 | IceCv    | Reached skill level 12 in Maces & Flails
 20938 | Lair:6   | Noticed Rupert
 20954 | Lair:6   | Killed Rupert
 20955 | Lair:6   | Reached XP level 14. HP: 109/109 MP: 12/14
 21551 | Lair:6   | Reached skill level 10 in Fighting
 21551 | Lair:6   | Reached skill level 10 in Shields
 22163 | Lair:6   | Received a gift from Trog
 23242 | D:11     | Reached ****** piety under Trog
 23336 | D:11     | Reached skill level 1 in Evocations
 23346 | D:11     | Found a roughly hewn altar of Beogh.
 23346 | D:11     | Found a staircase to the Orcish Mines.
 23378 | D:11     | Reached skill level 13 in Maces & Flails
 23557 | D:11     | Noticed Nergalle
 23569 | D:11     | Killed Nergalle
 23959 | Orc:1    | Entered Level 1 of the Orcish Mines
 24075 | Orc:2    | Entered Level 2 of the Orcish Mines
 24269 | Orc:2    | Received a gift from Trog
 24280 | Orc:2    | Found a dark tunnel.
 24288 | Volcano  | Entered a volcano
 27316 | Orc:2    | Noticed a stone giant
 27334 | Orc:2    | Killed a stone giant
 27613 | Orc:2    | Found a staircase to the Elven Halls.
 27640 | Orc:1    | Noticed an orc warlord
 27797 | Orc:2    | Killed an orc warlord
 28079 | Orc:1    | Gained mutation: You have a pair of antennae on your head.
                  | [demonic ancestry]
 28079 | Orc:1    | Reached XP level 15. HP: 117/117 MP: 15/15
 28278 | Orc:1    | Received a gift from Trog
 28814 | Orc:2    | Found Qavips's Armour Shoppe.
 29107 | Orc:2    | Found Ragyskuk's Armour Boutique.
 29397 | Orc:2    | Found Ciymejul's Armour Boutique.
 29491 | Orc:2    | Found Furuemad's Antique Armour Emporium.
 29491 | Orc:2    | Found Tunor's Armour Emporium.
 29500 | Orc:2    | Bought the +3 pair of gauntlets of War {Slay+5} for 665
                  | gold pieces
 29500 | Orc:2    | Found the +3 pair of gauntlets of War {Slay+5}
 29574 | Orc:2    | Bought a scorched plate armour for 840 gold pieces
 29584 | Orc:2    | Identified the +10 plate armour of Oblivion {*Drain rC+
                  | Will+ Dex+2} (You bought it in a shop on level 2 of the
                  | Orcish Mines)
 30075 | D:12     | Found the +7 pair of quick blades "Gyre" and "Gimble"
                  | {protect}
 30314 | D:12     | Received a gift from Trog
 30947 | Orc:2    | Bought a pair of buzzing gloves for 285 gold pieces
 30957 | Orc:2    | Identified the +3 pair of gloves "Kuv Orr" {rN+} (You
                  | bought it in a shop on level 2 of the Orcish Mines)
 31442 | D:13     | Noticed Nessos
 31454 | D:13     | Killed Nessos
 33058 | D:14     | Reached skill level 10 in Dodging
 33076 | D:14     | Reached skill level 10 in Armour
 33108 | D:14     | Received a gift from Trog
 33358 | D:14     | Found a gate to the Vaults.
 34230 | D:15     | Entered Level 15 of the Dungeon
 34479 | D:15     | Gained mutation: You are completely covered in razor-sharp
                  | scales. (AC +3, Slay +3) [demonic ancestry]
 34479 | D:15     | Reached XP level 16. HP: 125/125 MP: 16/16
 34697 | D:15     | Reached skill level 14 in Maces & Flails
 34918 | D:15     | Received a gift from Trog
 34929 | D:15     | Found a staircase to the Depths.
 35073 | D:15     | Noticed Jorgrun
 35087 | D:15     | Killed Jorgrun
 35407 | Spider:1 | Entered Level 1 of the Spider Nest
 35721 | Spider:1 | Reached skill level 5 in Evocations
 35848 | Spider:1 | Found a runed translucent door.
 36565 | Lair:4   | Killed Hosyrr's ghost
 36761 | Spider:1 | Found a shimmering altar of Xom.
 36761 | Spider:1 | Noticed Iberphipp's ghost (adept DgFi)
 37143 | Spider:1 | Received a gift from Trog
 37155 | Spider:1 | Got a warped mace {god gift}
 37156 | Spider:1 | Identified the +1 mace of Yzioxebo {antimagic, Will- Str-2
                  | Int+10 Stlth+} (Trog gifted it to you on level 1 of the
                  | Spider Nest)
 37626 | Spider:2 | Noticed Roxanne
 37647 | Spider:2 | Killed Roxanne
 38766 | Spider:3 | Received a gift from Trog
 39014 | Spider:3 | Reached XP level 17. HP: 114/133 MP: 17/17
 39035 | Spider:3 | Reached skill level 10 in Crossbows
 40120 | Spider:4 | Entered Level 4 of the Spider Nest
 40280 | Spider:4 | Noticed Nikola
 40284 | Spider:4 | Noticed Louise
 40527 | Spider:4 | Killed Louise
 40554 | Spider:4 | Killed Nikola
 40555 | Spider:4 | Reached skill level 15 in Maces & Flails
 41439 | Spider:4 | Received a gift from Trog
 42380 | Spider:4 | Got a gossamer rune of Zot
 42564 | Spider:1 | Killed Iberphipp's ghost
 42889 | Swamp:1  | Entered Level 1 of the Swamp
 43691 | Swamp:1  | Identified a scroll of acquirement
 43710 | Swamp:1  | Noticed a tentacled monstrosity
 43722 | Swamp:1  | Killed a tentacled monstrosity
 43723 | Swamp:1  | Gained mutation: You have a pair of large antennae on your
                  | head. (SInv) [demonic ancestry]
 43723 | Swamp:1  | Reached XP level 18. HP: 127/141 MP: 15/18
 44330 | Swamp:2  | Acquired the +0 pair of boots "Lanoux Gaerph" {Rampage
                  | *Corrode rElec Dex+5}
 44734 | Swamp:2  | Received a gift from Trog
 45688 | Swamp:4  | Entered Level 4 of the Swamp
 46136 | Swamp:4  | Received a gift from Trog
 46495 | Swamp:4  | Found a blossoming altar of Fedhas.
 46521 | Swamp:4  | Reached skill level 16 in Maces & Flails
 47329 | Swamp:4  | Found a basalt altar of Yredelemnul.
 47343 | Swamp:4  | Got a decaying rune of Zot
 47781 | Elf:1    | Entered Level 1 of the Elven Halls
 47923 | Elf:1    | Found a portal to a secret trove of treasure.
 48140 | Elf:1    | Noticed Kirke
 48151 | Elf:1    | Killed Kirke
 48209 | Elf:1    | Gained mutation: You resist negative energy. (rN+) [demonic
                  | ancestry]
 48209 | Elf:1    | Reached XP level 19. HP: 145/145 MP: 19/19
 48209 | Elf:1    | Identified the ring "Xuac" {*Drain rElec rF+ Will+ Int+4}
 48215 | Elf:1    | Received a gift from Trog
 48217 | Elf:1    | Gained mutation: You possess an exceptional clarity of
                  | mind. [a neqoxec]
 48226 | Elf:1    | Found a runed translucent gate.
 48226 | Elf:1    | Found a runed translucent gate.
 48226 | Elf:1    | Found a runed translucent gate.
 48226 | Elf:1    | Found a runed translucent gate.
 48226 | Elf:1    | Found a runed translucent gate.
 48230 | Elf:1    | Found a runed translucent gate.
 48242 | Elf:1    | HP: 4/223 [earth elemental (13)]
 48249 | Elf:1    | HP: 3/223 [poisoned by a red devil]
 48249 | Elf:1    | HP: 1/223 [large abomination[a deep elf high priest] (2)]
 48249 | Elf:1    | Slain by a +4 war axe of holy wrath

Illustrated notes

Levels and vault maps discovered:
D:1:      dpeg_arrival_tiny_i, layout_rooms, minmay_tromino_i2
D:2:      layout_loops_ring, dancing_weapons_uskayaw, makhleb_altar_promises_db
D:3:      layout_rooms, lemuel_round_altar, columned_hall_lemuel, uniq_natasha,
          uniq_terence
D:4:      cheibrodos_fertilizer, layout_basic
D:5:      gammafunk_wand_slinger, layout_gridville,
          chequers_temple_overflow_statue_of_worship,
          grunt_temple_overflow_open, serial_shops, shop, st_stairs_14,
          chequers_serial_rivers_micro_c
D:6:      kennysheep_housing_project, layout_cave_pods,
          kennysheep_vampire_church
D:7:      layout_basic, led_sif_pool, minmay_temple_entry_statues_pillars,
          sword_in_stone, uniq_menkaure
D:8:      layout_rooms, serial_shops, shop, basic_altar, uniq_maggie,
          uniq_harold
D:9:      layout_grid_maze, lemuel_coloured_pillars_altar,
          kennysheep_little_box, serial_shops, shop,
          minmay_guarded_unrand_resistance
D:10:     layout_loops_cross, david_lair_generic, enter_bailey_2,
          minmay_beelzebubs_servants, uniq_erica
D:11:     layout_small_grid, david_orc_5, uniq_nergalle
D:12:     layout_basic, nicolae_zen_rock_garden
D:13:     hangedman_arrow_trap, layout_basic, uniq_nessos
D:14:     layout_loops_ring, skrybe_vaults_entry_preservation
D:15:     grunt_enter_depths_magical_seal, layout_irregular_city,
          grunt_decor_cap, hangedman_decor_diamond_cutter, uniq_jorgrun
Temple:   zaba_magenta_temple
Lair:1:   layout_regular_city, gammafunk_lair_bear_cave, serial_bayou_shore_b
Lair:2:   layout_regular_city, nicolae_spider_entry_non_spiders, basic_altar,
          infiniplex_staircase_pool, lemuel_fruit_fields
Lair:3:   layout_small_grid, hangedman_lair_unloving_vines,
          chequers_serial_rivers_micro_d
Lair:4:   layout_hall_layers, minmay_swamp_entry_reptiles,
          gammafunk_ghost_abyssal_escape
Lair:5:   layout_regular_city, slime_altar_1, dpeg_oklob_1, grunt_megastairs_4,
          uniq_sonja
Lair:6:   guppyfry_lair_end_dragon, layout_cave_pods,
          hangedman_lair_caniforms_friends, portal_ice_cave_rime, st_stairs_11,
          uniq_rupert
Swamp:1:  cheibrodos_swamp_monstrosity, layout_basic_swamp,
          evilmike_swamp_ruin_house_4, swamp_pool3
Swamp:2:  layout_basic_swamp, nicolae_swamp_stair_fork
Swamp:3:  layout_basic_swamp, evilmike_swamp_ruin_house_5, swamp_pool3
Swamp:4:  byrel_swamp_growth_death_and_undeath, layout_basic_swamp, swamp_pool5
Spider:1: layout_spider_delve, ebering_ghost_xom, guppyfry_spider_mini_1
Spider:2: nicolae_spider_mines_1, nicolae_spider_cling_ruins, uniq_roxanne
Spider:3: layout_chambers, nicolae_crawler_farm
Spider:4: spider_rune_water, uniq_louise, uniq_nikola
Orc:1:    layout_caves
Orc:2:    st_orc_elflike, layout_caves, serial_shops, nicolae_shop_crystal,
          enter_volcano_2
Elf:1:    eino_elf_arrival_sip, layout_rooms, enter_trove_2, orc_legates,
          uniq_kirke

Skill      XL: |  1  2  3  4  5  6  7  8  9 10 11 12 13 14 15 16 17 18 19 |
---------------+----------------------------------------------------------+-----
Maces & Flails | 3 4 5 6 7 9 10 11 12 13 14 15 16 | 16.1
Armour         | 2 3 4 5 6 7 8 9 10 11 | 11.8
Dodging        | 2 3 4 5 6 7 8 9 10 11 | 11.9
Fighting       | 4 5 6 7 8 9 10 11 12 13 | 13.0
Shields        | 3 4 5 6 8 9 10 11 12 13 14 | 14.4
Crossbows      | 2 3 4 5 6 7 8 9 10 11 | 11.2
Evocations     | 2 4 6 7 8 |  8.5

Action                   |  1- 3 |  4- 6 |  7- 9 | 10-12 | 13-15 | 16-18 | 19-21 || total
-------------------------+-------+-------+-------+-------+-------+-------+-------++-------
Melee: Mace              |    94 |    18 |    25 |    17 |       |       |       ||   154
       Flail             |       |   184 |   444 |       |       |       |       ||   628
       Great mace        |       |       |       |   179 |       |       |       ||   179
       Morningstar       |       |       |       |   341 |   496 |       |       ||   837
       Eveningstar       |       |       |       |       |   769 |  1205 |    41 ||  2015
 Fire: Hand crossbow     |       |       |   135 |   246 |   326 |   309 |       ||  1016
Throw: Boomerang         |    32 |     2 |       |       |       |       |       ||    34
Invok: Berserk           |     6 |     8 |    13 |    16 |    21 |    19 |       ||    83
       Trog's Hand       |       |     3 |     4 |     2 |     4 |     5 |       ||    18
       Brothers in Arms  |       |       |       |       |     1 |       |       ||     1
Evoke: Wand              |       |       |       |       |       |     1 |       ||     1
       Lightning rod     |       |       |       |       |       |     1 |       ||     1
  Use: Scroll            |       |       |    11 |    10 |    20 |     9 |       ||    50
       Potion            |       |       |     5 |       |       |     2 |       ||     7
 Stab: Distracted        |       |       |       |     1 |       |       |       ||     1
Armor: Animal skin       |     5 |       |       |       |       |       |       ||     5
       Chain mail        |    41 |   117 |   275 |   272 |   265 |       |       ||   970
       Skin              |       |       |     4 |       |       |       |       ||     4
       Plate armour      |       |       |       |       |   216 |   703 |    27 ||   946
Dodge: Dodged            |    46 |    62 |   216 |   185 |   328 |   424 |    45 ||  1306
Block: Buckler           |       |       |   270 |    18 |       |       |       ||   288
       Other             |       |       |     2 |    57 |       |       |       ||    59
       Reflection        |       |       |     6 |     1 |    49 |    22 |       ||    78
       Kite shield       |       |       |       |   277 |  1059 |  1232 |    78 ||  2646
